 Dungeon Crawl Stone Soup version 0.30-a0-331-g8ab09dc110 (webtiles) character file.

Game seed: 15302180601937780094

64235 lunkers the Fencer (level 14, -3/141 HPs)
             Began as an Armataur Brigand on Oct 28, 2022.
             Was an Initiate of Gozag.
             Slain by a salamander
             ... wielding a +0 halberd
              (22 damage)
             ... on level 1 of the Snake Pit on Oct 30, 2022.
             The game lasted 00:31:26 (20528 turns).

lunkers the Fencer (Armataur Brigand)              Turns: 20528, Time: 00:31:26

Health: -3/141     AC: 35    Str: 21    XL:     14   Next: 71%
Magic:  0/4        EV:  4    Int: 13    God:    Gozag
Gold:   2179       SH:  0    Dex: 17    Spells: 13/13 levels left

rFire   . . .      SeeInvis .    a - +9 great sword "Bihidgh" {antimagic, Will+ Stlth+}
rCold   . . .      Faith    .    (shield currently unavailable)
rNeg    . . .      Spirit   +    P - +1 plate armour {rPois}
rPois   +          Reflect  .    g - +2 hat
rElec   .          Harm     .    c - +3 cloak of Shielding {Str+4 Dex+2}
rCorr   .          Roll     +    J - +0 pair of gloves
Will    ++...                    I - +1 barding
Stlth   ..........               U - amulet of guardian spirit
HPRegen 0.43/turn                j - +4 ring of evasion
MPRegen 0.09/turn                y - +4 ring of protection

@: lethally poisoned (-3 -> -5), about to teleport, gold aura, slowed,
constricted, studying Throwing, bribing [the Snake Pit], very slow
A: large, rugged brown scales 3, deformed body, armoured tail, roll, long
tongue, awkward tongue
a: Renounce Religion, Potion Petition, Call Merchant, Bribe Branch


You were on level 1 of the Snake Pit.
You worshipped Gozag.
Gozag was most pleased with you.
You visited 4 branches of the dungeon, and saw 20 of its levels.
You also visited: Ossuary and Bailey.

You collected 6301 gold pieces.
You spent 982 gold pieces at shops.
You paid 3140 gold pieces to Gozag.

Inventory:

Hand Weapons
 a - the +9 great sword "Bihidgh" (weapon) {antimagic, Will+ Stlth+}
   (You found it on level 8 of the Dungeon)

   It reduces the magical energy of the wielder, and disrupts the spells and
   magical abilities of those it strikes.
   Natural abilities and divine invocations are not affected.
   Will:      It increases your willpower.
   Stlth:     It makes you more stealthy.
 b - the +8 great sword of the Desert {spect, +Blink}
   (You bought it in a shop on level 6 of the Dungeon)

   When its wielder attacks, the weapon's spirit leaps out and strikes again.
   The spirit shares a part of any damage it takes with its wielder.
   +Blink:    It lets you blink.
 N - a +2 short sword of venom
Missiles
 d - 28 poisoned darts
 e - 3 curare-tipped darts
 r - 5 throwing nets
 D - 13 javelins
 F - 18 boomerangs
 L - 4 datura-tipped darts
 Z - 14 silver boomerangs
Armour
 c - the +3 cloak of Shielding (worn) {Str+4 Dex+2}
   (You acquired it on level 12 of the Dungeon)

   Str:       It affects your strength (+4).
   Dex:       It affects your dexterity (+2).
 g - a +2 hat (worn)
 v - a scarf of resistance
 I - a +1 barding (worn)
 J - a +0 pair of gloves (worn)
 P - a +1 plate armour of poison resistance (worn)
 S - a +1 robe of cold resistance
 X - a +4 chain mail of fire resistance
Jewellery
 j - a +4 ring of evasion (left hand)
 y - a +4 ring of protection (right hand)
 C - the ring "Zigem" {Fly Stlth+}
   (You found it on level 5 of the Dungeon)

   [ring of flight]

   Fly:       It grants you flight.
   Stlth:     It makes you more stealthy.
 K - a ring of protection from fire
 R - a ring of ice
 U - an amulet of guardian spirit (around neck)
Wands
 k - a wand of mindburst (8)
 u - a wand of flame (34)
 O - a wand of paralysis (7)
 Y - a wand of iceblast (5)
Scrolls
 i - 8 scrolls of teleportation
 m - a scroll of butterflies
 x - a scroll of poison
 B - 3 scrolls of magic mapping
 E - 5 scrolls of immolation
 H - 3 scrolls of enchant weapon
 M - 2 scrolls of blinking
 V - a scroll of enchant armour
 W - 2 scrolls of identify
Potions
 f - 3 potions of brilliance
 h - 5 potions of flight
 l - 2 potions of heal wounds
 n - 6 potions of mutation
 o - 3 potions of resistance
 p - 2 potions of magic
 q - 14 potions of curing
 s - 3 potions of lignification
 t - 3 potions of attraction
 w - 4 potions of haste
 z - 3 potions of invisibility
 A - 2 potions of ambrosia
 G - 3 potions of cancellation
 Q - 3 potions of might
Miscellaneous
 T - a lightning rod (4/4)


   Skills:
 + Level 14.2 Fighting
 - Level 8.0(12.6) Short Blades
 - Level 15.2(16.0) Long Blades
 + Level 4.6 Throwing
 - Level 15.0 Armour
 - Level 0.6 Dodging
 - Level 4.7 Stealth
 - Level 5.0 Evocations


You had 13 spell levels left.
You didn't know any spells.
Your spell library contained the following spells:

 Spells                   Type           Power      Damage    Failure   Level
 Summon Small Mammal      Summ           0%         N/A       97%         1
 Call Canine Familiar     Summ           0%         N/A       100%        3
 Inner Flame              Hex/Fire       0%         N/A       100%        3
 Kindle Blastsparks       Fire/Tloc/Air  0%         2d10      100%        3
 Portal Projectile        Hex/Tloc       0%         N/A       100%        3
 Summon Guardian Golem    Hex/Summ       0%         N/A       100%        3
 Tukima's Dance           Hex            0%         N/A       100%        3
 Animate Armour           Summ/Erth      0%         N/A       100%        4
 Cause Fear               Hex            0%         N/A       100%        4
 Fulminant Prism          Conj/Hex       0%         3d5       100%        4
 Iskenderun's Mystic Bla  Conj/Tloc      0%         2d3       100%        4
 Leda's Liquefaction      Hex/Erth       0%         N/A       100%        4
 Passage of Golubria      Tloc           0%         N/A       100%        4
 Blade Hands              Tmut           0%         N/A       100%        5
 Lee's Rapid Deconstruct  Erth           0%         3d4*      100%        5
 Summon Forest            Summ/Tloc      0%         N/A       100%        5
 Summon Mana Viper        Hex/Summ       0%         N/A       100%        5
 Yara's Violent Unravell  Hex/Tmut       0%         3d3       100%        5
 Iron Shot                Conj/Erth      0%         9d1       100%        6
 Summon Cactus Giant      Summ           0%         N/A       100%        6
 Discord                  Hex            0%         N/A       100%        8


Dungeon Overview and Level Annotations

Branches:
Dungeon (12/15)            Temple (0/1) D:5            Lair (5/5) D:10
 Shoals (0/4) Lair:3        Snake (1/4) Lair:3        Slime (0/5) Lair:4
    Orc (2/2) D:12            Elf (0/3) Orc:2       Ossuary (visited)
 Bailey (visited)

Altars:
Cheibriados
Gozag
Okawaru
Sif Muna
Zin
Jiyva
Lugonu

Shops:
D:6 (   Orc:2 [*:((

Annotations:
D:9 2 transporters
Lair:2 exclusion: oklob plant


Innate Abilities, Weirdness & Mutations

You are completely covered in rugged brown scales. (AC +3, +7% HP)
Armour fits poorly on your strangely shaped body.
You have a long armoured tail.
You roll when moving toward enemies. (Rampage)
Your long tongue fully drains potion bottles. (2x potion effects)
Your tongue gives you trouble enunciating. (1.5x scroll delay)


Message History

The naga warrior is moderately wounded.
You feel sick.
The guardian serpent hits you but does no damage.
The naga warrior hits you but does no damage.
The naga warrior constricts you.
The salamander hits you but does no damage.
The shock serpent bites you but does no damage.
The guardian serpent barely misses you.
You completely miss the naga warrior.
The naga warrior is moderately wounded.
You feel sick.
The shock serpent bites you but does no damage.
The naga warrior hits you with a +0 short sword!
The naga warrior constricts you.
The salamander hits you with a +0 halberd.
You are engulfed in flames!
The guardian serpent hits you. The shock serpent bites you.
The shock serpent shocks you!
* * * LOW HITPOINT WARNING * * *
You are too injured to fight recklessly!
Unknown command.
As you slowly read the scroll of teleportation, it crumbles to dust.
You feel strangely unstable.
You feel sick. The guardian serpent hits you!
* * * LOW HITPOINT WARNING * * *
The shock serpent barely misses you.
The naga warrior roars a battlecry!
The salamander goes into a battle-frenzy!
The naga warrior constricts you.
The salamander hits you with a +0 halberd!
* * * LOW HITPOINT WARNING * * *
You are engulfed in flames!
* * * LOW HITPOINT WARNING * * *
The guardian serpent casts a spell at you.
You feel yourself slow down. The shock serpent bites you!
* * * LOW MAGIC WARNING * * *
* * * LOW HITPOINT WARNING * * *
The shock serpent shocks you!
* * * LOW HITPOINT WARNING * * *
The salamander hits you with a +0 halberd!!
You die...
Your body crumbles into a pile of gold.

#...# .# ###...###..#
+...⌠......#
.###..)..##.##
...##...##..##
#..##.##....##
#...#.#......#####
#.............N$S#
#............##@S#
.............###NS......
.........#..## ##S###...
.#.......#..# .# .
####..###..# .. #...#
#..# .## #.### #..# .#
#. #..# .# # ....


You could see a naga warrior, a salamander (strong), a shock serpent, 2 mana
vipers and a guardian serpent.

Vanquished Creatures
  Kirke (Lair:4)
  An orc warlord (Orc:1)
  Nessos (Lair:4)
  Azrael (D:12)
  A fire dragon (Lair:5)
  Josephine (Lair:4)
  Fannar (D:10)
  3 hydras
  Harold (Orc:1)
  A boulder beetle (D:10)
  2 two-headed ogres
  7 death yaks (Lair:5)
  An orc high priest (Orc:2)
  A steelbarb worm (shapeshifter) (D:12)
  A lindwurm (Lair:5)
  A wizard (D:10)
  4 orc knights
  A deep elf pyromancer (D:12)
  4 orc sorcerers
  2 ugly things
  2 manticores (D:12)
  6 elephants (Lair:1)
  2 cyclopes
  A naga mage (Snake:1)
  2 torpor snails
  3 molten gargoyles (Lair:5)
  2 merfolk sirens (Lair:3)
  6 black mambas
  15 cane toads
  Psyche (D:8)
  A yaktaur (D:10)
  A kobold demonologist (D:10)
  3 unseen horrors (D:12)
  2 rime drakes
  9 komodo dragons
  5 trolls
  2 merfolk (Lair:3)
  4 polar bears
  3 slime creatures (D:12)
  7 blink frogs
  8 dream sheep (Lair:4)
  5 shadows
  2 hogs (Lair:4)
  7 wyverns
  2 fire elementals (D:12)
  12 yaks
  A basilisk (Lair:5)
  9 wraiths
  Grum (Lair:1)
  4 wargs
  4 steam dragons
  Menkaure (D:5)
  2 nagas
  4 acid dragons
  7 hell hounds
  18 water moccasins
  35 orc warriors
  2 sky beasts
  7 ice beasts
  A hornet zombie (D:6)
  4 black bears
  9 centaurs
  4 ogres (Orc:1)
  16 wolves
  A phantom (D:4)
  A centaur (shapeshifter) (D:12)
  Blork the orc (D:6)
  2 kobold brigands
  16 bullfrogs
  6 scorpions
  A necrophage (D:4)
  8 wights
  A wyvern skeleton (D:6)
  A troll zombie (D:12)
  15 killer bees
  4 howler monkeys
  2 electric eels
  5 lava snakes (Lair:5)
  A bullfrog zombie (D:6)
  A centaur zombie (D:6)
  A jelly (D:6)
  4 hounds
  13 orc priests
  A gnoll bouda (D:5)
  Jessica (D:2)
  Natasha (thrice) (D:4)
  5 iguanas
  19 orc wizards
  2 bullfrog skeletons (D:6)
  2 hell rats (Lair:1)
  7 ogre zombies (D:12)
  8 mummies (Ossuary)
  3 gnolls (D:5)
  6 adders
  9 river rats (Lair:1)
  A white imp (D:7)
  2 worms
  4 dart slugs
  68 orcs
  6 endoplasms
  6 giant cockroaches
  10 hobgoblins
  9 jackals
  3 quokkas
  6 ball pythons
  5 bats
  6 frilled lizards
  2 gnoll zombies (Ossuary)
  11 goblins
  2 goblin skeletons (D:12)
  5 goblin zombies (D:12)
  A hobgoblin skeleton (D:12)
  2 hobgoblin zombies
  17 kobolds
  4 kobold zombies (Ossuary)
  2 orc skeletons (D:12)
  15 orc zombies
  10 rats
625 creatures vanquished.

Vanquished Creatures (others)
  36 fungi
  53 plants
  6 withered plants (D:6)
95 creatures vanquished.

Grand Total: 720 creatures vanquished

Notes
Turn   | Place    | Note
-------+----------+-------------------------------------------
     0 | D:1      | lunkers the Armataur Brigand began the quest for the Orb.
     0 | D:1      | Reached XP level 1. HP: 18/18 MP: 1/1
   101 | D:1      | Reached XP level 2. HP: 25/25 MP: 2/2
   327 | D:1      | Reached XP level 3. HP: 31/31 MP: 3/3
   584 | D:2      | Noticed Jessica
   594 | D:2      | Killed Jessica
   595 | D:2      | Reached XP level 4. HP: 38/38 MP: 4/4
  1336 | D:3      | Reached XP level 5. HP: 37/43 MP: 5/5
  1572 | D:3      | Found a shimmering blue altar of Sif Muna.
  1938 | D:4      | Noticed a phantom
  1953 | D:4      | Killed a phantom
  1954 | D:4      | Reached skill level 5 in Short Blades
  1995 | D:4      | Reached XP level 6. HP: 51/51 MP: 6/6
  2038 | D:4      | Noticed Natasha
  2046 | D:4      | Killed Natasha
  2262 | D:4      | Found a sand-covered staircase.
  2281 | Ossuary  | Entered an ossuary
  2684 | D:4      | Noticed Natasha
  2693 | D:4      | Killed Natasha
  2695 | D:4      | Noticed Natasha
  2702 | D:4      | Killed Natasha
  2845 | D:4      | Reached XP level 7. HP: 56/56 MP: 7/7
  3089 | D:5      | Entered Level 5 of the Dungeon
  3372 | D:5      | Found an opulent altar of Gozag.
  3372 | D:5      | Noticed Menkaure
  3393 | D:5      | Reached XP level 8. HP: 60/70 MP: 8/8
  3394 | D:5      | Killed Menkaure
  3413 | D:5      | Became a worshipper of Gozag Ym Sagoz the Greedy
  3484 | D:5      | Reached skill level 5 in Fighting
  3600 | D:5      | Found a staircase to the Ecumenical Temple.
  3624 | D:5      | Identified the +1 mace "Uwnanuh" {vorpal, rF+ Dex+4}
  3635 | D:5      | Identified the ring "Zigem" {Fly Stlth+}
  3644 | D:5      | Found a snail-covered altar of Cheibriados.
  3909 | D:6      | Noticed Blork the orc
  4229 | D:6      | Killed Blork the orc
  4478 | D:6      | Noticed a cyclops
  4486 | D:5      | Reached XP level 9. HP: 77/84 MP: 9/9
  4517 | D:5      | Killed a cyclops
  4865 | D:6      | Found Muxtuise's Weapon Emporium.
  5290 | D:7      | Found an iron altar of Okawaru.
  5349 | D:7      | Found a flagged portal.
  5358 | Bailey   | Entered a bailey
  5556 | Bailey   | Reached skill level 10 in Fighting
  5902 | Bailey   | Noticed an orc knight
  5910 | Bailey   | Reached XP level 10. HP: 79/100 MP: 10/10
  6014 | Bailey   | Killed an orc knight
  6612 | D:7      | Found a glowing silver altar of Zin.
  6794 | D:6      | Bought the +8 great sword of the Desert {spect, +Blink} for
                  | 982 gold pieces
  6873 | D:8      | Noticed Psyche
  6877 | D:8      | Killed Psyche
  6884 | D:8      | Upgraded the game from 0.30-a0-329-g85436e0a43 to
                  | 0.30-a0-331-g8ab09dc110
  6967 | D:8      | Noticed a two-headed ogre
  6993 | D:8      | Noticed a two-headed ogre
  7421 | D:8      | Killed a two-headed ogre
  7425 | D:8      | Identified the +9 great sword "Bihidgh" {antimagic, Will+
                  | Stlth+}
  7614 | D:9      | Noticed a two-headed ogre
  7618 | D:9      | Killed a two-headed ogre
  7704 | D:9      | Reached XP level 11. HP: 111/111 MP: 11/11
  8116 | D:9      | Found a transporter.
  8118 | D:9      | Found a corrupted altar of Lugonu.
  8118 | D:9      | Noticed a cyan ugly thing
  8308 | D:9      | Found a transporter.
  8501 | D:10     | Entered Level 10 of the Dungeon
  8512 | D:10     | Reached skill level 5 in Armour
  8573 | D:10     | Found a staircase to the Lair.
  8603 | D:10     | Noticed a boulder beetle
  8608 | D:10     | Noticed a wizard
  8623 | D:10     | Noticed a white ugly thing
  8634 | D:10     | Killed a wizard
  8637 | D:10     | Killed a boulder beetle
  8950 | D:10     | Killed a white ugly thing
  9025 | D:10     | Noticed Fannar
  9034 | D:10     | Killed Fannar
  9465 | Lair:1   | Entered Level 1 of the Lair of Beasts
  9741 | Lair:1   | Reached skill level 1 in Evocations
  9856 | Lair:1   | Reached skill level 10 in Long Blades
  9933 | Lair:1   | Reached XP level 12. HP: 116/118 MP: 12/12
  9973 | Lair:1   | Noticed Grum
  9976 | Lair:1   | Killed Grum
 10705 | Lair:2   | Reached skill level 5 in Evocations
 11381 | Lair:3   | Found a staircase to the Shoals.
 11392 | Lair:3   | Reached skill level 10 in Armour
 11786 | Lair:3   | Found a staircase to the Snake Pit.
 11954 | Lair:3   | Found the +8 whip "Snakebite" {venom, curare, rPois}
 12029 | Lair:3   | You fall into a shaft and drop 2 floors!
 12029 | Lair:5   | Entered Level 5 of the Lair of Beasts
 12042 | Lair:5   | Noticed a death yak
 12042 | Lair:5   | Noticed a death yak
 12043 | Lair:5   | Noticed a death yak
 12043 | Lair:5   | Noticed a death yak
 12051 | Lair:5   | Killed a death yak
 12053 | Lair:5   | Noticed a death yak
 12055 | Lair:5   | Killed a death yak
 12056 | Lair:5   | Noticed a death yak
 12060 | Lair:5   | Killed a death yak
 12078 | Lair:5   | Noticed a death yak
 12248 | Lair:5   | Reached XP level 13. HP: 84/125 MP: 11/13
 13403 | Lair:5   | Reached skill level 15 in Long Blades
 13514 | Lair:5   | Found a large runed translucent door.
 13515 | Lair:5   | Found a large runed translucent door.
 13908 | Lair:5   | Noticed a fire dragon
 14022 | Lair:5   | Killed a fire dragon
 14391 | Lair:4   | Noticed Kirke
 14479 | Lair:4   | Killed Kirke
 14518 | Lair:4   | Noticed Nessos
 14527 | Lair:4   | Killed Nessos
 14949 | Lair:4   | Found a viscous altar of Jiyva.
 14949 | Lair:4   | Found a staircase to the Slime Pits.
 14994 | Lair:4   | Noticed Josephine
 15001 | Lair:4   | Killed Josephine
 15002 | Lair:4   | Reached XP level 14. HP: 94/132 MP: 10/14
 15794 | Lair:3   | Reached skill level 15 in Armour
 17325 | D:12     | Identified a scroll of acquirement
 17327 | D:12     | Acquired the +3 cloak of Shielding {Str+4 Dex+2}
 17499 | D:12     | Found a staircase to the Orcish Mines.
 17806 | D:12     | Noticed Azrael
 17817 | D:12     | Killed Azrael
 18388 | Orc:1    | Entered Level 1 of the Orcish Mines
 18388 | Orc:1    | Noticed Harold
 18391 | Orc:1    | Killed Harold
 18688 | Orc:2    | Entered Level 2 of the Orcish Mines
 18728 | Orc:2    | Found Vebuif's Weapon Emporium.
 18758 | Orc:2    | Found a staircase to the Elven Halls.
 19566 | Orc:2    | Noticed an orc warlord
 19655 | Orc:1    | Killed an orc warlord
 19686 | Orc:2    | Found Ruesioz's Book Boutique.
 19699 | Orc:2    | Found Sestrawir's Antique Armour Boutique.
 19734 | Orc:2    | Found Memuifoh's Antique Weapon Boutique.
 20188 | Orc:2    | Found Itti Duu's General Store.
 20501 | Snake:1  | Entered Level 1 of the Snake Pit
 20528 | Snake:1  | Slain by a salamander

Illustrated notes

Levels and vault maps discovered:
D:1:      psy_arrival_whirlpool, layout_basic, minmay_misc_feat_diagonals
D:2:      layout_loops_ring, uniq_jessica
D:3:      layout_loops_ring, led_sif_book, chequers_arboretum
D:4:      layout_loops_cross, enter_ossuary_1, uniq_natasha
D:5:      layout_cave_pools, mainiacjoe_overflow_chevrons, old_standard_altar,
          temple_pool_b, amcnicky_mini_pool_small, uniq_menkaure
D:6:      layout_basic, serial_undead, serial_undead_b, serial_undead_f,
          serial_undead_e, serial_undead_f, serial_shops, shop, nrook_uturn,
          hangedman_decor_push, minmay_manual_mail, uniq_blork_the_orc
D:7:      layout_gridville, mainiacjoe_overflow_two_lobes, enter_bailey_8
D:8:      layout_basic, nicolae_fountain_basement, uniq_psyche
D:9:      gammafunk_corrupted_shrine, layout_irregular_city
D:10:     layout_cave_pools, hellmonk_lair_entry_icy, minmay_diamond_spiral,
          uniq_fannar
D:11:     layout_stronghold
D:12:     layout_basic, zombieorc2_lemuel, minmay_unpleasant_kobolds,
          uniq_azrael
Lair:1:   layout_loops_ring, kennysheep_rathole, uniq_grum
Lair:2:   layout_gridlike, serial_bayou_pond_b, cheibrodos_lair_caveside_slide,
          grunt_megastairs_1, infiniplex_staircase_pool_2, lemuel_fruit_tree,
          lemuel_fruit_fields
Lair:3:   minmay_guarded_unrand_snakebite, layout_regular_city,
          elwin_shoals_entry_stream, guppyfry_snake_entry_island,
          beast_lair_carwin_9
Lair:4:   layout_regular_city, slime_entry_1, serial_bayou_lake_a,
          lemuel_fruit_fields, uniq_josephine, uniq_nessos, uniq_kirke
Lair:5:   cheibrodos_lair_end_hotspot, layout_regular_city
Snake:1:  layout_gridlike, grunt_ministairs_15, drop_trap, uniq_aizul
Orc:1:    layout_caves, uniq_harold
Orc:2:    grunt_orc_cross, layout_caves, serial_shops, nicolae_shop_waterfront

Skill      XL: |  1  2  3  4  5  6  7  8  9 10 11 12 13 14 |
---------------+-------------------------------------------+-----
Short Blades   | 2 3 4 5 6 8 |  8.0
Fighting       | 4 7 10 11 14 | 14.2
Long Blades    | 6 10 13 15 | 15.2
Armour         | 3 7 10 14 15 | 15.0
Evocations     | 3 5 |  5.0
Throwing       | 4 |  4.6
Dodging        | |  0.6
Stealth        | |  4.7

Action                   |  1- 3 |  4- 6 |  7- 9 | 10-12 | 13-15 || total
-------------------------+-------+-------+-------+-------+-------++-------
Melee: Dagger            |    45 |       |       |       |       ||    45
       Short sword       |    36 |   219 |   372 |    58 |       ||   685
       Tailslap          |     4 |    38 |    64 |    56 |    85 ||   247
       Punch             |       |     3 |     5 |     2 |       ||    10
       Great sword       |       |       |       |   297 |   460 ||   757
       Unarmed           |       |       |       |       |     4 ||     4
Invok: Bribe Branch      |       |       |       |       |     1 ||     1
Evoke: Wand              |       |       |     6 |     8 |    13 ||    27
       Lightning rod     |       |       |       |       |     7 ||     7
  Use: Scroll            |       |    13 |     3 |    17 |     4 ||    37
       Potion            |       |       |     2 |       |       ||     2
 Stab: Sleeping          |     8 |    18 |    11 |     7 |       ||    44
       Distracted        |       |     1 |     1 |     4 |    13 ||    19
       Paralysed         |       |       |       |       |     3 ||     3
Armor: Robe              |    20 |    43 |    95 |    72 |       ||   230
       Plate armour      |       |       |       |   106 |    56 ||   162
       Chain mail        |       |       |       |       |   247 ||   247
Dodge: Dodged            |    44 |    79 |   182 |   176 |   215 ||   696

Table legend: (Time is in decaauts)
 A = Elapsed time spent in this place.
 B = Non-inter-level travel time spent in this place.
 C = Inter-level travel time spent in this place.
 D = Time resting spent in this place.
 E = Time spent auto-exploring this place.
 F = Levels seen in this place.
 G = Mean time per level.
                   A        B        C        D        E       F      G
               +--------+--------+--------+--------+--------+-----+--------+
         Total |  20452 |  19240 |   1212 |   1329 |  14133 |  22 |  929.6 |
       Dungeon |  10707 |   9958 |    749 |    341 |   7440 |  12 |  892.2 |
          Lair |   6871 |   6483 |    388 |    280 |   5331 |   5 | 1374.2 |
     Snake Pit |     25 |     25 |      0 |      0 |     13 |   1 |   25.0 |
  Orcish Mines |   1860 |   1787 |     73 |    438 |    962 |   2 |  930.0 |
       Ossuary |    249 |    249 |      0 |      0 |    142 |   1 |  249.0 |
        Bailey |    737 |    737 |      0 |    270 |    243 |   1 |  737.0 |
               +--------+--------+--------+--------+--------+-----+--------+

Top non-repeatable levels by time:
  Lair:5: 2091 daAuts
  Lair:4: 1464 daAuts
  Lair:3: 1247 daAuts
    D:12: 1239 daAuts
     D:7: 1151 daAuts
  Lair:1: 1143 daAuts
   Orc:2: 1123 daAuts
    D:11: 1051 daAuts
     D:5: 1018 daAuts
    D:10: 1012 daAuts
  Lair:2: 924 daAuts
     D:9: 898 daAuts
     D:4: 887 daAuts
     D:8: 784 daAuts
     D:6: 779 daAuts
